 Seeded DCSS version 0.30.1-4-g462c640d31 (webtiles) character file.

Game seed: 15140874439476535185 (custom seed)

4592 Psyclone the Destroyer (level 10, 49/56 HPs)
             Began as an Octopode Conjurer on Sept 18, 2023.
             Was an Initiate of Gozag.
             Quit the game on level 8 of the Dungeon.
             The game lasted 00:33:04 (10260 turns).

Psyclone the Destroyer (Octopode Conjurer)         Turns: 10260, Time: 00:33:05

Health: 49/56      AC:  1    Str:  6    XL:     10   Next: 41%
Magic:  38/38      EV: 13    Int: 26    God:    Gozag
Gold:   979        SH:  0    Dex: 10    Spells: 11/23 levels left

rFire   . . .        h - +0 rapier
rCold   . . .        (no shield)
rNeg    . . .        (helmet restricted)
rPois   .            E - amulet of magic regeneration
rElec   .            w - ring of the Mage {Wiz Archmagi}
rCorr   +            F - ring of Elyvilon's Respect {Wiz +Blink Will- rCorr Slay+6}
SInv    +            J - ring of see invisible
Will    .....        K - ring of magical power
Stlth   +++          L - ring of magical power
HPRegen 0.29/turn    (no ring)
MPRegen 0.66/turn    (no ring)
                     (no ring)

%: wizardry (x2), archmagi
@: no status effects
A: almost no armour, amphibious, 8 rings, camouflage 1, gelatinous body 1,
(nimble swimmer 1), tentacles
a: Renounce Religion, Evoke Blink, Potion Petition, Call Merchant, Bribe Branch


You were on level 8 of the Dungeon.
You worshipped Gozag.
Gozag was pleased with you.
You visited 1 branch of the dungeon, and saw 8 of its levels.
You also visited: Ossuary.

You collected 4639 gold pieces.
You spent 1971 gold pieces at shops.
You paid 1689 gold pieces to Gozag.

Inventory:

Hand Weapons
 e - a +0 short sword
 h - a +0 rapier (weapon)
Missiles
 d - 18 poisoned darts
 A - a throwing net {!f}
Magical Staves
 x - a staff of poison
Jewellery
 s - a ring of ice
 w - the ring of the Mage (left tentacle) {Wiz Archmagi}
   (You bought it in a shop on level 3 of the Dungeon)

   [ring of wizardry]

   It improves your spell success rate.
   Archmagi:  It increases the power of your magical spells.
 E - an amulet of magic regeneration (around mantle)
 F - the ring of Elyvilon's Respect (right tentacle) {Wiz +Blink Will- rCorr Slay+6}
   (You bought it in a shop on level 3 of the Dungeon)

   [ring of wizardry]

   It improves your spell success rate.
   Slay:      It affects your accuracy & damage with ranged weapons and melee
   (+6).
   +Blink:    It lets you blink.
   rCorr:     It protects you from acid and corrosion.
   Will:      It decreases your willpower.
 J - a ring of see invisible (on tentacle)
 K - a ring of magical power (on tentacle)
 L - a ring of magical power (on tentacle)
Wands
 u - a wand of roots (21)
 C - a wand of polymorph (5)
 D - a wand of digging (3)
Scrolls
 b - 4 scrolls of teleportation {unknown}
 c - 4 scrolls of fog {unknown}
 j - 3 scrolls of fear {unknown}
 m - 8 scrolls of identify {@r1}
 o - a scroll of vulnerability {unknown}
 p - 2 scrolls of noise {unknown}
 v - 2 scrolls of poison {unknown}
 y - 4 scrolls of immolation {unknown}
 B - a scroll of brand weapon {unknown}
 H - a scroll of magic mapping {unknown}
 I - a scroll of enchant weapon {unknown}
 M - a scroll of enchant armour {unknown}
 O - a scroll of silence {unknown}
 P - a scroll of summoning {unknown}
Potions
 a - 4 potions of magic
 f - a potion of ambrosia {unknown}
 g - 9 potions of curing
 i - 3 potions of resistance {unknown}
 k - 2 potions of haste {unknown}
 l - 4 potions of heal wounds {unknown}
 n - 2 potions of mutation {unknown}
 q - 2 potions of degeneration {unknown}
 r - 2 potions of invisibility {unknown}
 t - 3 potions of cancellation {unknown}
 z - 2 potions of attraction {unknown}
 G - 2 potions of flight {unknown}
 N - 2 potions of lignification
 Q - a potion of brilliance {unknown}


   Skills:
 - Level 2.0 Dodging
 - Level 2.6 Stealth
 + Level 7.2 Spellcasting
 - Level 12.0 Conjurations
 - Level 6.0 Hexes


You had 11 spell levels left.
You knew the following spells:

 Your Spells              Type           Power      Damage    Failure   Level
a - Magic Dart            Conj           100%       1d8       1%          1
b - Searing Ray           Conj           100%       2d8       1%          2
d - Fulminant Prism       Conj/Hex       35%        3d17      1%          4
x - Irradiate             Conj/Tmut      28%        3d21      4%          5

Your spell library contained the following spells:

 Spells                   Type           Power      Damage    Failure   Level
 Sandblast                Erth           28%        2d8       1%          1
 Dazzling Flash           Conj/Hex       100%       N/A       1%          3
 Portal Projectile        Hex/Tloc       74%        N/A       1%          3
 Stone Arrow              Conj/Erth      100%       3d13      1%          3
 Iskenderun's Mystic Bla  Conj/Tloc      57%        2d12      1%          4
 Passwall                 Tmut/Erth      11%        N/A       2%          2
 Sublimation of Blood     Necr           14%        N/A       2%          2
 Wereblood                Tmut           14%        N/A       2%          2
 Call Canine Familiar     Summ           14%        N/A       5%          3
 Leda's Liquefaction      Hex/Erth       18%        N/A       5%          4
 Petrify                  Tmut/Erth      14%        N/A       16%         4
 Haunt                    Necr/Summ      7%         N/A       100%        7
 Summon Hydra             Summ           7%         N/A       100%        7
 Infestation              Necr           7%         N/A       100%        8
 Animate Dead             Necr           Unusable   N/A       N/A         4

Dungeon Overview and Level Annotations

Branches:
Dungeon (8/15) Zot: 26717  Temple (0/1) D:7         Ossuary (visited)
   Lair: D:8-11

Altars:
Ashenzari
Gozag
Kikubaaqudgha
Okawaru
Ru
Sif Muna
Uskayaw
Xom
Yredelemnul
Zin

Shops:
D:3 (=?==   D:7 *   D:8 *?


Innate Abilities, Weirdness & Mutations

You cannot wear most types of armour.
You are amphibious.
You can wear up to eight rings at the same time.
Your skin changes colour to match your surroundings (Stealth+).
Your rubbery body absorbs attacks. (AC +1, EV +1)
((You are camouflaged when in or above water. (Stealth+)))
You have tentacles for arms and can constrict up to eight enemies at once.


Message History

Press: ? - help, Shift-Dir - straight line, f/p - killer bee
Aim: a killer bee (heavily wounded, 100% to hit)
You feel a surge of power!
The magic dart hits the killer bee.
The killer bee is almost dead.
The killer bee buzzes angrily. x2
Casting: Magic Dart (safe; 1% risk of failure)
Confirm with . or Enter, or press ? or * to list all spells.
Aiming: Fulminant Prism (safe; 1% risk of failure)
Press: ? - help, Dir - move target, p - killer bee You feel a surge of power!
You conjure a prism of explosive energy!
A fulminant prism comes into view.
The killer bee stings you! The killer bee misses you.
The killer bee stings your fulminant prism!
You take 8 damage, and have 48/56 hp.
You now have 34/38 mp.
The killer bee stings your fulminant prism.
The killer bee barely misses you.
The killer bee stings your fulminant prism!
Your fulminant prism crackles loudly.
The killer bee stings your fulminant prism.
Your fulminant prism explodes!
The blast of energy engulfs the killer bee!!
You kill the killer bee!
The blast of energy engulfs the killer bee!!
You kill the killer bee!
The blast of energy engulfs the killer bee!!
You kill the killer bee!
The killer bee stings you.
You hear a shout!
You take 4 damage, and have 45/56 hp.
You hit the killer bee.
You kill the killer bee!
You now have 959 gold pieces (gained 5).
You now have 966 gold pieces (gained 7).
There is an entrance to Quirat's General Store here.
MP restored: 38 You now have 973 gold pieces (gained 7).
You now have 979 gold pieces (gained 6).
You currently need 1200 gold to open negotiations with a merchant.
Are you sure you want to abandon this character and quit the game? (Confirm with "yes".)

#.#.###)..)......#.######....#..
#.....#.)..........# #....#..
#####...)########### ########
g.....#..[.#....#
#########..#....## ### ######
............... ..# .....##
.#########....####.# .....#.
###......).# #.....#.
#....@....[####.....#.
##....∩∩......##.....#.
#........####......[.#.
#........# ###......#.
#........# #.......## #........#
#....>..## $ #........#
#........( #[.......# #..'######
#........# #..#....≈#


There were no monsters in sight!

Vanquished Creatures
  An ice statue (D:7)
  Grinder (D:3)
  A steam dragon (D:7)
  An acid dragon (D:6)
  2 water moccasins
  A black bear (D:5)
  Duvessa (D:7)
  4 ice beasts
  4 orc warriors
  A sky beast (D:6)
  4 ogres
  2 centaurs
  A phantom (D:4)
  A bullfrog (D:8)
  A scorpion (D:6)
  A gnoll sergeant (D:8)
  2 water moccasin zombies (Ossuary)
  Dowan (D:7)
  4 killer bees (D:8)
  2 howler monkeys
  A jelly (D:7)
  8 bullfrog zombies (Ossuary)
  3 centaur zombies (Ossuary)
  2 hounds
  A gnoll bouda (D:8)
  3 orc priests
  11 mummies (Ossuary)
  3 iguanas
  3 sleepcaps
  6 orc wizards
  3 killer bee zombies (Ossuary)
  8 gnolls (D:8)
  3 howler monkey zombies (Ossuary)
  9 adders
  A shadow imp (D:6)
  A white imp (D:6)
  2 ufetubi
  A worm zombie (D:8)
  A worm (D:2)
  6 dart slugs
  17 orcs
  3 ball pythons
  5 bats
  14 endoplasms
  5 goblins
  8 hobgoblins
  5 jackals
  7 kobolds
  4 quokkas
  2 frilled lizards
  11 rats
  A spectral orc (D:7)
194 creatures vanquished.

Vanquished Creatures (others)
  57 fulminant prisms
57 creatures vanquished.

Grand Total: 251 creatures vanquished

Notes
Turn   | Place    | Note
-------+----------+-------------------------------------------
     0 | D:1      | Psyclone the Octopode Conjurer began the quest for the Orb.
     0 | D:1      | Reached XP level 1. HP: 11/11 MP: 3/3
   277 | D:1      | Reached XP level 2. HP: 12/17 MP: 1/5
   280 | D:1      | Learned a level 2 spell: Searing Ray
   418 | D:2      | Found an opulent altar of Gozag.
   422 | D:2      | Found a faded altar of an unknown god.
   426 | D:2      | Became a worshipper of Gozag Ym Sagoz the Greedy
   576 | D:1      | Reached XP level 3. HP: 16/21 MP: 0/6
   674 | D:1      | Reached skill level 5 in Conjurations
  2111 | D:2      | Reached XP level 4. HP: 24/27 MP: 3/7
  2670 | D:2      | Learned a level 4 spell: Fulminant Prism
  2702 | D:3      | Found Zyskustre's Antique Weapon Shop.
  2728 | D:3      | Noticed an ogre
  2739 | D:3      | Killed an ogre
  2740 | D:3      | Reached skill level 6 in Conjurations
  2740 | D:3      | Reached skill level 1 in Hexes
  2740 | D:3      | Reached XP level 5. HP: 3/31 MP: 1/8
  2945 | D:3      | Noticed Grinder
  3006 | D:3      | Killed Grinder
  3007 | D:3      | Reached XP level 6. HP: 36/36 MP: 0/9
  3144 | D:3      | Found Kuar's Jewellery Boutique.
  3149 | D:3      | Found Janib's Jewellery Shop.
  3401 | D:3      | Found Elailiep's Magic Scroll Shop.
  3473 | D:3      | Found Wikeh's Jewellery Shoppe.
  3643 | D:3      | Found a shimmering blue altar of Sif Muna.
  3801 | D:4      | Reached skill level 7 in Conjurations
  3807 | D:4      | Reached XP level 7. HP: 30/41 MP: 1/10
  3920 | D:3      | Bought the ring of the Mage {Wiz Archmagi} for 510 gold
                  | pieces
  3920 | D:3      | Found the ring of the Mage {Wiz Archmagi}
  4620 | D:5      | Entered Level 5 of the Dungeon
  4841 | D:5      | Reached skill level 5 in Hexes
  4875 | D:5      | Reached skill level 8 in Conjurations
  4875 | D:5      | Reached XP level 8. HP: 42/46 MP: 2/11
  5430 | D:5      | Reached skill level 9 in Conjurations
  6277 | D:6      | Reached skill level 10 in Conjurations
  6725 | D:6      | Reached XP level 9. HP: 51/51 MP: 6/12
  7104 | D:6      | Reached skill level 11 in Conjurations
  7609 | D:6      | Found a broken altar of Ashenzari.
  7897 | D:7      | Noticed Dowan
  7900 | D:7      | Noticed Duvessa
  7909 | D:7      | Killed Dowan
  7915 | D:7      | Killed Duvessa
  7995 | D:7      | Found a glowing silver altar of Zin.
  8337 | D:7      | Found Bicsyux's Neck Hole.
  8400 | D:7      | Found an ancient bone altar of Kikubaaqudgha.
  8469 | D:7      | Found a shimmering altar of Xom.
  8478 | D:7      | Found an opulent altar of Gozag.
  8619 | D:7      | Found an iron altar of Okawaru.
  8626 | D:7      | Reached skill level 12 in Conjurations
  8637 | D:7      | Found a hide-covered altar of Uskayaw.
  8643 | D:7      | Found a sacrificial altar of Ru.
  8653 | D:7      | Found a staircase to the Ecumenical Temple.
  8777 | D:7      | Noticed an ice statue
  8806 | D:7      | Killed an ice statue
  8917 | D:7      | Found a basalt altar of Yredelemnul.
  9012 | D:7      | Identified a scroll of acquirement
  9012 | D:7      | Acquired 561 gold pieces
  9095 | D:3      | Bought the ring of Elyvilon's Respect {Wiz +Blink Will-
                  | rCorr Slay+6} for 776 gold pieces
  9095 | D:3      | Bought a ring of see invisible for 165 gold pieces
  9142 | D:3      | Bought a ring of magical power for 260 gold pieces
  9142 | D:3      | Bought a ring of magical power for 260 gold pieces
  9285 | D:8      | Reached XP level 10. HP: 20/56 MP: 17/17
  9289 | D:8      | Reached skill level 5 in Spellcasting
  9416 | D:8      | Found a sand-covered staircase.
  9449 | Ossuary  | Entered an ossuary
  9457 | Ossuary  | Learned a level 5 spell: Irradiate
 10030 | Ossuary  | Acquired 900 gold pieces
 10226 | D:8      | Acquired 1257 gold pieces
 10260 | D:8      | Quit the game

Illustrated notes

Levels and vault maps discovered:
D:1:      lightli_arrival_isolated_outpost, layout_basic
D:2:      minmay_alternating_diamond, layout_basic, basic_altar,
          basic_ecumenical_altar, serial_forest, infiniplex_forest_end_2,
          infiniplex_forest_clump_curved, infiniplex_forest_lined_2,
          infiniplex_forest_pool, infiniplex_forest_lined_3,
          infiniplex_forest_clump_curved
D:3:      layout_rooms, led_sif_pool, serial_shops,
          nicolae_shop_window_shopping, shop, shop,
          nicolae_shop_just_a_little_nook, nicolae_shop_real_fake_doors,
          minmay_misc_feat_x, st_stairs_9, uniq_grinder
D:4:      layout_loops_ring, minivault_11
D:5:      layout_loops_ring
D:6:      layout_layer_cave, general_overflow_altar
D:7:      lemuel_ice_statue, layout_basic, mainiacjoe_overflow_surrounded_room,
          nicolae_overflow_hallway_of_the_gods,
          yredelemnul_forgotten_temple_becter,
          nicolae_shop_sticking_my_neck_out, uniq_duvessa
D:8:      layout_basic, enter_ossuary_3, gammafunk_ghost_nasty_kobolds,
          serial_rivers, chequers_serial_rivers_micro_a,
          chequers_serial_rivers_small_b, chequers_serial_rivers_micro_d,
          chequers_serial_rivers_room_a, chequers_serial_rivers_room_a

Skill      XL: |  1  2  3  4  5  6  7  8  9 10 |
---------------+-------------------------------+-----
Conjurations   | 5 6 7 8 10 12 | 12.0
Hexes          | 1 3 5 6 |  6.0
Spellcasting   | 4 7 |  7.2
Dodging        | |  2.0
Stealth        | |  2.6

Action                     |  1- 3 |  4- 6 |  7- 9 | 10-12 || total
---------------------------+-------+-------+-------+-------++-------
  Melee: Unarmed           |     7 |       |       |       ||     7
         Tentacles         |     5 |     1 |     8 |     8 ||    22
         Punch             |     1 |       |     1 |     1 ||     3
         Constrict         |     6 |       |     6 |     6 ||    18
         Short sword       |     4 |       |       |       ||     4
         Rapier            |    10 |     3 |    32 |    28 ||    73
   Cast: Magic Dart        |    63 |    62 |    66 |    40 ||   231
         Searing Ray       |     2 |     4 |    20 |    22 ||    48
         Fulminant Prism   |       |       |    44 |    13 ||    57
 Invoke: Call Merchant     |       |       |       |     2 ||     2
    Use: Scroll            |       |       |     3 |     3 ||     6
         Potion            |       |       |     2 |       ||     2
   Stab: Sleeping          |     2 |       |     1 |       ||     3
 Armour: Skin              |     3 |       |     3 |     9 ||    15
  Dodge: Dodged            |    19 |     3 |    46 |    50 ||   118
